Laval Squanderers vs Ste. Rose Royals
Created - Tuesday, November 21, 2023 at 07:23
Goals
|
| Laval Squanderers |
2 |
2 |
0 |
4 |
| Ste. Rose Royals |
0 |
1 |
1 |
2 |
|
Shots
|
| Laval Squanderers |
9 |
9 |
8 |
26 |
| Ste. Rose Royals |
6 |
13 |
23 |
42 |
|
1st period
1. Laval Squanderers , Lias Andersson 28 (Brayden Pachal 3) at 8:46
2. Laval Squanderers , Martin Kaut 28 (Lias Andersson 24, Brett Howden 35) at 12:00
Penalties :
Brett Howden (LSQ) for Hooking (Minor) at 0:25, Danila Klimovich (LSQ) for Hooking (Minor) at 5:39, Saku Maenalanen (BWK) for Fighting (Major) at 8:09, Ethen Frank (LSQ) for Fighting (Major) at 8:09, Mike Reilly (BWK) for Goalie Interference (Minor) at 12:20, Mike Reilly (BWK) for Holding (Minor) at 14:47, Joel Hanley (BWK) for Fighting (Major) at 17:12, Shakir Mukhamadullin (LSQ) for Fighting (Major) at 17:12, Shakir Mukhamadullin (LSQ) for instigated a fight (Minor) at 17:12, Shakir Mukhamadullin (LSQ) for instigated a fight (10 Minutes Misconduct) at 17:12, Brayden Pachal (LSQ) for Tripping (Minor) at 17:34
2nd period
3. Laval Squanderers , Graeme Clarke 19 (Brayden Tracey 20, Simon Holmstrom 14) at 3:48
4. Laval Squanderers , Lias Andersson 29 (Brett Howden 36) at 4:48 (PP)
5. Ste. Rose Royals , Mason Appleton 21 (Derek Ryan 35, Mike Reilly 17) at 15:52 (PP)
Penalties :
Brayden Tracey (LSQ) for Hooking (Minor) at 0:22, Mike Reilly (BWK) for Hooking (Minor) at 4:40, Matthew Peca (BWK) for Fighting (Major) at 7:22, Danila Klimovich (LSQ) for Fighting (Major) at 7:22, Isaac Ratcliffe (BWK) for Fighting (Major) at 9:08, Brayden Tracey (LSQ) for Fighting (Major) at 9:08, Lias Andersson (LSQ) for Hooking (Minor) at 15:38, Mike Reilly (BWK) for Fighting (Major) at 16:12, Lias Andersson (LSQ) for Fighting (Major) at 16:12, Cross Hanas (LSQ) for Roughing (Minor) at 16:56, Libor Hajek (BWK) for Hooking (Minor) at 19:58
3rd period
6. Ste. Rose Royals , Matthew Peca 25 (Mike Reilly 18, Michael Amadio 29) at 16:46
Penalties :
Danila Klimovich (LSQ) for Tripping (Minor) at 6:30, Brendan Perlini (BWK) for Fighting (Major) at 17:12, Kaedan Korczak (LSQ) for Fighting (Major) at 17:12
Goalie Stats
Mads Sogaard (LSQ), 40 saves from 42 shots - (0.952), W, 25-15-7, 60:00 minutes
Erik Kallgren (BWK), 22 saves from 26 shots - (0.846), L, 20-23-4, 60:00 minutes
Players Stats for Laval Squanderers
Player Name G A P +/- PIM S H SB GA TA FO MP PP MP PK MP
------------------------------------------------------------------------------------
Brayden Pachal 0 1 1 1 2 0 0 2 1 1 0/0 23:07 3:04 5:18
Brayden Tracey 0 1 1 1 7 4 3 0 1 0 0/0 15:27 3:00 0:51
Brett Howden 0 2 2 1 2 2 1 0 1 2 11/20 19:05 3:05 4:41
Cross Hanas 0 0 0 0 2 2 0 0 0 0 0/1 7:43 0:00 0:00
Danila Klimovich 0 0 0 0 9 2 0 1 1 0 0/0 10:14 0:17 0:04
Emil Andrae 0 0 0 -1 0 1 0 0 0 0 0/0 12:05 0:00 0:43
Ethen Frank 0 0 0 0 5 2 2 0 0 0 6/13 12:02 0:34 0:28
Graeme Clarke 1 0 1 1 0 2 2 0 1 2 12/20 21:10 3:00 5:17
Isak Rosen 0 0 0 0 0 1 3 0 1 3 1/3 11:48 0:00 2:06
Justin Barron 0 0 0 2 0 3 2 3 0 1 0/0 24:31 3:01 6:12
Kaedan Korczak 0 0 0 -1 5 0 0 0 0 0 0/0 11:31 0:00 0:16
Lias Andersson 2 1 3 1 7 2 2 1 2 0 1/2 16:52 2:22 4:36
Martin Kaut 1 0 1 1 0 2 1 0 2 0 1/3 19:14 3:05 5:17
Mike Hardman 0 0 0 0 0 2 2 0 0 0 1/2 10:22 0:00 0:07
Nils Lundkvist 0 0 0 2 0 0 0 0 0 1 0/0 24:31 3:01 6:12
Shakir Mukhamadullin 0 0 0 0 17 0 1 0 0 0 0/0 6:12 0:00 0:00
Simon Holmstrom 0 1 1 1 0 1 1 1 0 1 0/0 15:15 2:52 0:00
Ty Emberson 0 0 0 1 0 0 2 3 0 3 0/0 24:35 3:04 6:18
Players Stats for Ste. Rose Royals
Player Name G A P +/- PIM S H SB GA TA FO MP PP MP PK MP
------------------------------------------------------------------------------------
Brendan Perlini 0 0 0 -2 5 2 1 0 2 0 0/1 11:43 0:00 0:00
Brogan Rafferty 0 0 0 0 0 0 2 0 0 1 0/0 15:12 0:00 2:54
Cale Fleury 0 0 0 -2 0 3 1 3 0 0 0/0 22:49 6:20 3:33
Colin Blackwell 0 0 0 0 0 1 1 1 1 1 0/0 16:39 6:18 0:00
Derek Ryan 0 1 1 0 0 6 1 0 1 1 10/23 25:03 6:06 2:51
Grigori Denisenko 0 0 0 0 0 3 0 0 0 0 1/1 6:28 0:00 0:00
Isaac Ratcliffe 0 0 0 -1 5 0 0 0 0 0 0/0 5:00 0:10 0:17
Joel Hanley 0 0 0 0 5 0 0 3 0 1 0/0 14:38 0:46 0:44
Jordan Harris 0 0 0 0 0 1 2 2 0 3 0/0 25:48 6:10 3:10
Libor Hajek 0 0 0 -2 2 0 0 1 0 0 0/0 21:01 6:20 1:49
Mason Appleton 1 0 1 0 0 4 2 1 4 0 1/2 21:15 6:06 2:51
Mathias Emilio Pettersen 0 0 0 0 0 0 0 0 0 0 1/3 6:28 0:00 0:00
Matthew Peca 1 0 1 0 5 8 0 0 0 0 2/3 15:11 6:17 0:00
Michael Amadio 0 1 1 0 0 3 1 4 2 0 5/12 19:47 6:17 2:57
Mike Reilly 0 2 2 0 11 0 1 0 1 0 0/0 20:40 5:24 0:04
Ridly Greig 0 0 0 -2 0 8 2 2 0 0 8/12 13:25 0:07 0:00
Ryan Poehling 0 0 0 0 0 3 1 0 2 1 2/6 20:57 6:06 2:57
Saku Maenalanen 0 0 0 -1 5 0 0 1 1 2 1/1 11:45 0:03 0:17
3 Stars
1 - Mads Sogaard (LSQ)
2 - Lias Andersson (LSQ)
3 - Graeme Clarke (LSQ)
Power Play
Laval Squanderers - 1 on 4 Attempt(s) - 25.00%
Ste. Rose Royals - 1 on 8 Attempt(s) - 12.50%
Penalty Kill
Laval Squanderers - 7 on 8 Attempt(s) - 87.50%
- Score 0 goal in Penalty Kill
Ste. Rose Royals - 3 on 4 Attempt(s) - 75.00%
- Score 0 goal in Penalty Kill
Team Stat
Laval Squanderers - Hits : 22 - Faceoff Wins : 33 - Blocked Shots : 11 - Penalty Minutes : 56
Ste. Rose Royals - Hits : 15 - Faceoff Wins : 31 - Blocked Shots : 18 - Penalty Minutes : 38
Official
Referees : Kendrick Nicholson and Jacob Brenk
Linesman : Bryan Pancich and Steve Miller
Game Notes
Ethen Frank beats up Saku Maenalanen at 8:09 of 1st period
Joel Hanley beats up Shakir Mukhamadullin at 17:12 of 1st period
Matthew Peca beats up Danila Klimovich at 7:22 of 2nd period
Isaac Ratcliffe and Brayden Tracey fight to a draw at 9:08 of 2nd period
Lias Andersson beats up Mike Reilly at 16:12 of 2nd period
Brendan Perlini and Kaedan Korczak fight to a draw at 17:12 of 3rd period
Laval Squanderers
5 vs 5 Forward
Center Left Wing Right Wing Time % Phy DF OF
1 Brett Howden Lias Andersson Martin Kaut 30 1 2 2
2 Graeme Clarke Brayden Tracey Simon Holmstrom 30 1 2 2
3 Ethen Frank Mike Hardman Danila Klimovich 25 1 2 2
4 Isak Rosen Cross Hanas Shakir Mukhamadullin 15 1 2 2
5 vs 5 Defense
Defense Defense Time % Phy DF OF
1 Justin Barron Nils Lundkvist 35 1 2 2
2 Ty Emberson Brayden Pachal 35 1 2 2
3 Kaedan Korczak Emil Andrae 30 1 2 2
4 Justin Barron Nils Lundkvist 0 1 2 2
PowerPlay Forward
Center Left Wing Right Wing Time % Phy DF OF
1 Brett Howden Lias Andersson Martin Kaut 50 1 2 2
2 Graeme Clarke Brayden Tracey Simon Holmstrom 50 1 2 2
PowerPlay Defense
Defense Defense Time % Phy DF OF
1 Justin Barron Nils Lundkvist 50 1 2 2
2 Ty Emberson Brayden Pachal 50 1 2 2
Penalty Kill 4 Players Forward
Center Wing Time % Phy DF OF
1 Brett Howden Lias Andersson 50 1 2 2
2 Martin Kaut Graeme Clarke 50 1 2 2
Penalty Kill 4 Players Defense
Defense Defense Time % Phy DF OF
1 Justin Barron Nils Lundkvist 50 1 2 2
2 Ty Emberson Brayden Pachal 50 1 2 2
Penalty Kill - 3 Players Forward
Forward Time % Phy DF OF
1 Brett Howden 50 1 2 2
2 Lias Andersson 50 1 2 2
Penalty Kill - 3 Players Defense
Defense Defense Time % Phy DF OF
1 Justin Barron Nils Lundkvist 50 1 2 2
2 Ty Emberson Brayden Pachal 50 1 2 2
4 vs 4 Forward
Center Wing Time % Phy DF OF
1 Brett Howden Lias Andersson 50 1 2 2
2 Martin Kaut Graeme Clarke 50 1 2 2
4 vs 4 Defense
Defense Defense Time % Phy DF OF
1 Justin Barron Nils Lundkvist 50 1 2 2
2 Ty Emberson Brayden Pachal 50 1 2 2
Last Minutes Offensive
Center Left Wing Right Wing Defense Defense
Brett Howden Lias Andersson Martin Kaut Justin Barron Nils Lundkvist
Last Minutes Defensive
Center Left Wing Right Wing Defense Defense
Brett Howden Lias Andersson Martin Kaut Justin Barron Nils Lundkvist
Goaltenders
Starting : Mads Sogaard
Backup : Nico Daws
Extra Forwards
Normal : Ethen Frank, Danila Klimovich, Isak Rosen - PP : Ethen Frank, Danila Klimovich - PK : Isak Rosen
Extra Defensemen
Normal : Kaedan Korczak, Emil Andrae, Ty Emberson - PP : Kaedan Korczak - PK : Emil Andrae, Ty Emberson
Penalty Shots
Brett Howden, Lias Andersson, Martin Kaut, Graeme Clarke, Ethen Frank
Ste. Rose Royals
5 vs 5 Forward
Center Left Wing Right Wing Time % Phy DF OF
1 Derek Ryan Ryan Poehling Mason Appleton 30 1 2 2
2 Michael Amadio Matthew Peca Colin Blackwell 30 1 2 2
3 Ridly Greig Saku Maenalanen Brendan Perlini 25 1 2 2
4 Mathias Emilio Pettersen Grigori Denisenko Derek Ryan 15 1 2 2
5 vs 5 Defense
Defense Defense Time % Phy DF OF
1 Mike Reilly Jordan Harris 30 1 2 2
2 Cale Fleury Libor Hajek 30 1 2 2
3 Joel Hanley Brogan Rafferty 25 1 2 2
4 Mike Reilly Jordan Harris 15 1 2 2
PowerPlay Forward
Center Left Wing Right Wing Time % Phy DF OF
1 Derek Ryan Ryan Poehling Mason Appleton 50 1 2 2
2 Michael Amadio Matthew Peca Colin Blackwell 50 1 2 2
PowerPlay Defense
Defense Defense Time % Phy DF OF
1 Mike Reilly Jordan Harris 50 1 2 2
2 Cale Fleury Libor Hajek 50 1 2 2
Penalty Kill 4 Players Forward
Center Wing Time % Phy DF OF
1 Derek Ryan Mason Appleton 50 1 2 2
2 Ryan Poehling Michael Amadio 50 1 2 2
Penalty Kill 4 Players Defense
Defense Defense Time % Phy DF OF
1 Mike Reilly Jordan Harris 50 1 2 2
2 Cale Fleury Libor Hajek 50 1 2 2
Penalty Kill - 3 Players Forward
Forward Time % Phy DF OF
1 Derek Ryan 50 1 2 2
2 Mason Appleton 50 1 2 2
Penalty Kill - 3 Players Defense
Defense Defense Time % Phy DF OF
1 Mike Reilly Jordan Harris 50 1 2 2
2 Cale Fleury Libor Hajek 50 1 2 2
4 vs 4 Forward
Center Wing Time % Phy DF OF
1 Derek Ryan Mason Appleton 50 1 2 2
2 Ryan Poehling Michael Amadio 50 1 2 2
4 vs 4 Defense
Defense Defense Time % Phy DF OF
1 Mike Reilly Jordan Harris 50 1 2 2
2 Cale Fleury Libor Hajek 50 1 2 2
Last Minutes Offensive
Center Left Wing Right Wing Defense Defense
Derek Ryan Ryan Poehling Mason Appleton Mike Reilly Jordan Harris
Last Minutes Defensive
Center Left Wing Right Wing Defense Defense
Derek Ryan Ryan Poehling Mason Appleton Mike Reilly Jordan Harris
Goaltenders
Starting : Erik Kallgren
Backup : Cayden Primeau
Extra Forwards
Normal : Isaac Ratcliffe, Ridly Greig, Saku Maenalanen - PP : Isaac Ratcliffe, Ridly Greig - PK : Saku Maenalanen
Extra Defensemen
Normal : Joel Hanley, Brogan Rafferty, Cale Fleury - PP : Joel Hanley - PK : Brogan Rafferty, Cale Fleury
Penalty Shots
Derek Ryan, Mason Appleton, Ryan Poehling, Michael Amadio, Colin Blackwell
% Time on Ice - Laval Squanderers
Lines # - Real PCT - Wanted PCT - Time Play
Normal Forward
1 - 26% - 30% - 10:55
2 - 31% - 30% - 12:50
3 - 25% - 25% - 10:15
4 - 18% - 15% - 7:25
Normal Defense
1 - 37% - 35% - 15:18
2 - 36% - 35% - 14:45
3 - 27% - 30% - 11:22
4 - 0% - 0% - 0:00
PP Forward
1 - 51% - 50% - 3:05
2 - 49% - 50% - 3:00
PP Defense
1 - 50% - 50% - 3:01
2 - 50% - 50% - 3:04
PK Forward
1 - 51% - 50% - 5:36
2 - 49% - 50% - 5:17
PK Defense
1 - 49% - 50% - 5:18
2 - 51% - 50% - 5:35
PK3 Forward
1 - 47% - 50% - 0:46
2 - 53% - 50% - 0:51
PK3 Defense
1 - 56% - 50% - 0:54
2 - 44% - 50% - 0:43
44 Forward
1 - 0% - 50%
2 - 0% - 50%
44 Defense
1 - 0% - 50%
2 - 0% - 50%
Last Minute Offensive - 0:00
Last Minute Defensive - 0:00
Total
Forward - 60:00
Defense - 60:00
|
% Time on Ice - Ste. Rose Royals
Lines # - Real PCT - Wanted PCT - Time Play
Normal Forward
1 - 29% - 30% - 12:07
2 - 25% - 30% - 10:24
3 - 30% - 25% - 12:26
4 - 16% - 15% - 6:28
Normal Defense
1 - 31% - 30% - 12:42
2 - 32% - 30% - 13:13
3 - 28% - 25% - 11:44
4 - 9% - 15% - 3:46
PP Forward
1 - 49% - 50% - 6:06
2 - 51% - 50% - 6:24
PP Defense
1 - 49% - 50% - 6:10
2 - 51% - 50% - 6:20
PK Forward
1 - 52% - 50% - 3:08
2 - 48% - 50% - 2:57
PK Defense
1 - 52% - 50% - 3:10
2 - 48% - 50% - 2:55
PK3 Forward
1 - 0% - 50%
2 - 0% - 50%
PK3 Defense
1 - 0% - 50%
2 - 0% - 50%
44 Forward
1 - 0% - 50%
2 - 0% - 50%
44 Defense
1 - 0% - 50%
2 - 0% - 50%
Last Minute Offensive - 0:00
Last Minute Defensive - 0:00
Total
Forward - 60:00
Defense - 60:00
|
Play-by-Play
1st period
0:01 of 1st period - Brett Howden wins face-off versus Derek Ryan in neutral zone.
0:25 of 1st period - Minor Penalty to Brett Howden for Hooking.
0:26 of 1st period - Isak Rosen wins face-off versus Matthew Peca in Laval Squanderers zone.
0:35 of 1st period - Martin Kaut is hit by Jordan Harris and loses puck.
2:25 of 1st period - Penalty to Brett Howden is over, Brett Howden is back on ice.
2:26 of 1st period - Jordan Harris is hit by Isak Rosen and loses puck.
3:12 of 1st period - Slapshot by Danila Klimovich.
3:12 of 1st period - Deflect By Ethen Frank.
3:12 of 1st period - Stopped by Erik Kallgren without a rebound.
3:13 of 1st period - Ethen Frank wins face-off versus Brendan Perlini in Ste. Rose Royals zone.
3:14 of 1st period - Slapshot by Mike Hardman.
3:14 of 1st period - Shot Misses the Net.
3:16 of 1st period - Wrist shot by Emil Andrae.
3:16 of 1st period - Deflect By Jordan Harris.
3:16 of 1st period - Stopped by Erik Kallgren without a rebound.
3:17 of 1st period - Ridly Greig wins face-off versus Ethen Frank in Ste. Rose Royals zone.
4:15 of 1st period - Slapshot by Nils Lundkvist.
4:15 of 1st period - Shot Misses the Net.
5:22 of 1st period - Slapshot by Cross Hanas.
5:22 of 1st period - Stopped by Erik Kallgren without a rebound.
5:23 of 1st period - Ethen Frank wins face-off versus Michael Amadio in Ste. Rose Royals zone.
5:39 of 1st period - Minor Penalty to Danila Klimovich for Hooking.
5:40 of 1st period - Derek Ryan wins face-off versus Brett Howden in Laval Squanderers zone.
6:05 of 1st period - Martin Kaut is hit by Colin Blackwell and loses puck.
6:10 of 1st period - Snap shot by Michael Amadio.
6:10 of 1st period - Shot Misses the Net.
6:12 of 1st period - Slapshot by Michael Amadio.
6:12 of 1st period - Shot Misses the Net.
7:39 of 1st period - Penalty to Danila Klimovich is over, Danila Klimovich is back on ice.
7:48 of 1st period - Wrist shot by Brendan Perlini.
7:48 of 1st period - Shot Misses the Net.
8:08 of 1st period - Slapshot by Justin Barron.
8:08 of 1st period - Stopped by Erik Kallgren without a rebound.
8:09 of 1st period - Ethen Frank wins face-off versus Ridly Greig in Ste. Rose Royals zone.
8:09 of 1st period - Ethen Frank beats up Saku Maenalanen.
8:09 of 1st period - Penalty to Saku Maenalanen for Fighting.
8:09 of 1st period - Penalty to Ethen Frank for Fighting.
8:10 of 1st period - Derek Ryan wins face-off versus Graeme Clarke in Ste. Rose Royals zone.
8:46 of 1st period - Snap shot by Lias Andersson.
8:46 of 1st period - Goal by Lias Andersson - Laval Squanderers : 1 - Ste. Rose Royals : 0.
8:47 of 1st period - Graeme Clarke wins face-off versus Derek Ryan in neutral zone.
9:12 of 1st period - Isak Rosen is hit by Mike Reilly and loses puck.
9:25 of 1st period - Snap shot by Matthew Peca.
9:25 of 1st period - Stopped by Mads Sogaard with a rebound.
9:54 of 1st period - Lias Andersson is hit by Brogan Rafferty.
10:26 of 1st period - Brayden Tracey is hit by Brogan Rafferty and loses puck.
10:42 of 1st period - Icing by Jordan Harris.
10:43 of 1st period - Brett Howden wins face-off versus Ridly Greig in Ste. Rose Royals zone.
11:54 of 1st period - Slapshot by Martin Kaut.
11:54 of 1st period - Shot Blocked by Cale Fleury.
12:00 of 1st period - Snap shot by Martin Kaut.
12:00 of 1st period - Goal by Martin Kaut - Laval Squanderers : 2 - Ste. Rose Royals : 0.
12:01 of 1st period - Graeme Clarke wins face-off versus Derek Ryan in neutral zone.
12:20 of 1st period - Minor Penalty to Mike Reilly for Goalie Interference.
12:21 of 1st period - Derek Ryan wins face-off versus Graeme Clarke in Ste. Rose Royals zone.
12:31 of 1st period - Wrist shot by Graeme Clarke.
12:31 of 1st period - Shot Blocked by Jordan Harris.
13:09 of 1st period - Penalty to Saku Maenalanen is over, Saku Maenalanen is back on ice.
14:06 of 1st period - Icing by Simon Holmstrom.
14:07 of 1st period - Saku Maenalanen wins face-off versus Graeme Clarke in Laval Squanderers zone.
14:08 of 1st period - Slapshot by Libor Hajek.
14:08 of 1st period - Shot Misses the Net.
14:16 of 1st period - Slapshot by Isaac Ratcliffe.
14:16 of 1st period - Shot Misses the Net.
14:20 of 1st period - Penalty to Mike Reilly is over, Mike Reilly is back on ice.
14:28 of 1st period - Snap shot by Michael Amadio.
14:28 of 1st period - Stopped by Mads Sogaard with a rebound.
14:30 of 1st period - Slapshot by Matthew Peca.
14:30 of 1st period - Stopped by Mads Sogaard with a rebound.
14:34 of 1st period - Snap shot by Matthew Peca.
14:34 of 1st period - Stopped by Mads Sogaard with a rebound.
14:36 of 1st period - Wrist shot by Michael Amadio.
14:36 of 1st period - Stopped by Mads Sogaard with a rebound.
14:47 of 1st period - Minor Penalty to Mike Reilly for Holding.
14:48 of 1st period - Brett Howden wins face-off versus Ryan Poehling in Ste. Rose Royals zone.
14:51 of 1st period - Snap shot by Lias Andersson.
14:51 of 1st period - Shot Blocked by Michael Amadio.
15:03 of 1st period - Snap shot by Brett Howden.
15:03 of 1st period - Shot Hit the Post.
15:13 of 1st period - Slapshot by Brayden Tracey.
15:13 of 1st period - Stopped by Erik Kallgren without a rebound.
15:14 of 1st period - Derek Ryan wins face-off versus Graeme Clarke in Ste. Rose Royals zone.
16:04 of 1st period - Michael Amadio is hit by Simon Holmstrom and loses puck.
16:47 of 1st period - Penalty to Mike Reilly is over, Mike Reilly is back on ice.
17:00 of 1st period - Snap shot by Ethen Frank.
17:00 of 1st period - Stopped by Erik Kallgren without a rebound.
17:01 of 1st period - Ridly Greig wins face-off versus Isak Rosen in Ste. Rose Royals zone.
17:10 of 1st period - Wrist shot by Isak Rosen.
17:10 of 1st period - Shot Misses the Net.
17:12 of 1st period - Slapshot by Cross Hanas.
17:12 of 1st period - Stopped by Erik Kallgren without a rebound.
17:12 of 1st period - Joel Hanley beats up Shakir Mukhamadullin.
17:12 of 1st period - Penalty to Joel Hanley for Fighting.
17:12 of 1st period - Penalty to Shakir Mukhamadullin for Fighting.
17:12 of 1st period - Penalty to Shakir Mukhamadullin for instigated a fight.
17:12 of 1st period - Penalty to Shakir Mukhamadullin for instigated a fight.
17:13 of 1st period - Derek Ryan wins face-off versus Martin Kaut in Ste. Rose Royals zone.
17:13 of 1st period - Derek Ryan is hit by Graeme Clarke.
17:34 of 1st period - Minor Penalty to Brayden Pachal for Tripping.
17:35 of 1st period - Michael Amadio wins face-off versus Brett Howden in Laval Squanderers zone.
18:16 of 1st period - Off-side.
18:17 of 1st period - Mason Appleton wins face-off versus Lias Andersson in neutral zone.
18:30 of 1st period - Wrist shot by Ryan Poehling.
18:30 of 1st period - Shot Blocked by Lias Andersson.
18:32 of 1st period - Snap shot by Mason Appleton.
18:32 of 1st period - Stopped by Mads Sogaard with a rebound.
19:12 of 1st period - Penalty to Shakir Mukhamadullin is over, Isak Rosen is send on ice.
19:34 of 1st period - Penalty to Brayden Pachal is over, Brayden Pachal is back on ice.
Goals for this period are 2 for Laval Squanderers vs 0 for Ste. Rose Royals.
Shots for this period are 9 for Laval Squanderers vs 6 for Ste. Rose Royals.
2nd period
0:01 of 2nd period - Graeme Clarke wins face-off versus Mason Appleton in neutral zone.
0:22 of 2nd period - Minor Penalty to Brayden Tracey for Hooking.
0:23 of 2nd period - Matthew Peca wins face-off versus Brett Howden in Laval Squanderers zone.
2:12 of 2nd period - Penalty to Shakir Mukhamadullin is over, Danila Klimovich is send on ice.
2:22 of 2nd period - Penalty to Brayden Tracey is over, Brayden Tracey is back on ice.
2:22 of 2nd period - Icing by Derek Ryan.
2:23 of 2nd period - Ryan Poehling wins face-off versus Ethen Frank in Ste. Rose Royals zone.
2:34 of 2nd period - Wrist shot by Isak Rosen.
2:34 of 2nd period - Shot Blocked by Saku Maenalanen.
2:36 of 2nd period - Snap shot by Isak Rosen.
2:36 of 2nd period - Shot Hit the Post.
2:38 of 2nd period - Slapshot by Kaedan Korczak.
2:38 of 2nd period - Shot Misses the Net.
2:40 of 2nd period - Slapshot by Kaedan Korczak.
2:40 of 2nd period - Shot Blocked by Joel Hanley.
2:51 of 2nd period - Off-side.
2:52 of 2nd period - Graeme Clarke wins face-off versus Derek Ryan in neutral zone.
2:56 of 2nd period - Off-side.
2:57 of 2nd period - Grigori Denisenko wins face-off versus Graeme Clarke in neutral zone.
3:00 of 2nd period - Brayden Pachal is hit by Jordan Harris and loses puck.
3:11 of 2nd period - Snap shot by Graeme Clarke.
3:11 of 2nd period - Shot Misses the Net.
3:13 of 2nd period - Wrist shot by Brayden Tracey.
3:13 of 2nd period - Stopped by Erik Kallgren with a rebound.
3:23 of 2nd period - Brayden Pachal is hit by Michael Amadio and loses puck.
3:28 of 2nd period - Snap shot by Matthew Peca.
3:28 of 2nd period - Stopped by Mads Sogaard with a rebound.
3:30 of 2nd period - Snap shot by Matthew Peca.
3:30 of 2nd period - Stopped by Mads Sogaard with a rebound.
3:32 of 2nd period - Slapshot by Jordan Harris.
3:32 of 2nd period - Shot Blocked by Brayden Pachal.
3:34 of 2nd period - Slapshot by Jordan Harris.
3:34 of 2nd period - Deflect By Ty Emberson.
3:34 of 2nd period - Stopped by Mads Sogaard without a rebound.
3:35 of 2nd period - Ridly Greig wins face-off versus Graeme Clarke in Laval Squanderers zone.
3:46 of 2nd period - Snap shot by Brayden Tracey.
3:46 of 2nd period - Shot Blocked by Libor Hajek.
3:48 of 2nd period - Slapshot by Graeme Clarke.
3:48 of 2nd period - Goal by Graeme Clarke - Laval Squanderers : 3 - Ste. Rose Royals : 0.
3:49 of 2nd period - Graeme Clarke wins face-off versus Derek Ryan in neutral zone.
3:54 of 2nd period - Snap shot by Graeme Clarke.
3:54 of 2nd period - Shot Blocked by Cale Fleury.
4:02 of 2nd period - Wrist shot by Mason Appleton.
4:02 of 2nd period - Shot Misses the Net.
4:04 of 2nd period - Wrist shot by Mason Appleton.
4:04 of 2nd period - Shot Blocked by Justin Barron.
4:14 of 2nd period - Libor Hajek is hit by Brett Howden.
4:18 of 2nd period - Snap shot by Martin Kaut.
4:18 of 2nd period - Deflect By Brett Howden.
4:18 of 2nd period - Stopped by Erik Kallgren without a rebound.
4:19 of 2nd period - Brett Howden wins face-off versus Michael Amadio in Ste. Rose Royals zone.
4:40 of 2nd period - Minor Penalty to Mike Reilly for Hooking.
4:41 of 2nd period - Brett Howden wins face-off versus Derek Ryan in Ste. Rose Royals zone.
4:46 of 2nd period - Snap shot by Brett Howden.
4:46 of 2nd period - Shot Blocked by Mason Appleton.
4:48 of 2nd period - Wrist shot by Lias Andersson.
4:48 of 2nd period - Goal by Lias Andersson - Laval Squanderers : 4 - Ste. Rose Royals : 0.
4:49 of 2nd period - Derek Ryan wins face-off versus Graeme Clarke in neutral zone.
5:20 of 2nd period - Snap shot by Danila Klimovich.
5:20 of 2nd period - Shot Misses the Net.
5:22 of 2nd period - Wrist shot by Danila Klimovich.
5:22 of 2nd period - Stopped by Erik Kallgren with a rebound.
5:24 of 2nd period - Snap shot by Danila Klimovich.
5:24 of 2nd period - Stopped by Erik Kallgren without a rebound.
5:25 of 2nd period - Graeme Clarke wins face-off versus Ryan Poehling in Ste. Rose Royals zone.
6:02 of 2nd period - Snap shot by Mike Hardman.
6:02 of 2nd period - Shot Misses the Net.
6:21 of 2nd period - Slapshot by Ridly Greig.
6:21 of 2nd period - Stopped by Mads Sogaard without a rebound.
6:22 of 2nd period - Ridly Greig wins face-off versus Graeme Clarke in Laval Squanderers zone.
7:19 of 2nd period - Wrist shot by Derek Ryan.
7:19 of 2nd period - Deflect By Ryan Poehling.
7:19 of 2nd period - Stopped by Mads Sogaard without a rebound.
7:20 of 2nd period - Mike Hardman wins face-off versus Michael Amadio in Laval Squanderers zone.
7:22 of 2nd period - Matthew Peca beats up Danila Klimovich.
7:22 of 2nd period - Penalty to Matthew Peca for Fighting.
7:22 of 2nd period - Penalty to Danila Klimovich for Fighting.
7:23 of 2nd period - Ryan Poehling wins face-off versus Brett Howden in neutral zone.
8:11 of 2nd period - Snap shot by Ridly Greig.
8:11 of 2nd period - Stopped by Mads Sogaard with a rebound.
8:13 of 2nd period - Backhand shot by Mike Reilly.
8:13 of 2nd period - Shot Misses the Net.
8:17 of 2nd period - Snap shot by Saku Maenalanen.
8:17 of 2nd period - Shot Misses the Net.
8:19 of 2nd period - Wrist shot by Brendan Perlini.
8:19 of 2nd period - Stopped by Mads Sogaard without a rebound.
8:20 of 2nd period - Derek Ryan wins face-off versus Brett Howden in Laval Squanderers zone.
8:25 of 2nd period - Slapshot by Derek Ryan.
8:25 of 2nd period - Stopped by Mads Sogaard with a rebound.
8:27 of 2nd period - Snap shot by Ryan Poehling.
8:27 of 2nd period - Stopped by Mads Sogaard with a rebound.
8:29 of 2nd period - Slapshot by Cale Fleury.
8:29 of 2nd period - Deflect By Lias Andersson.
8:29 of 2nd period - Stopped by Mads Sogaard without a rebound.
8:30 of 2nd period - Lias Andersson wins face-off versus Derek Ryan in Laval Squanderers zone.
8:39 of 2nd period - Slapshot by Martin Kaut.
8:39 of 2nd period - Shot Misses the Net.
9:07 of 2nd period - Snap shot by Derek Ryan.
9:07 of 2nd period - Stopped by Mads Sogaard without a rebound.
9:08 of 2nd period - Graeme Clarke wins face-off versus Michael Amadio in Laval Squanderers zone.
9:08 of 2nd period - Isaac Ratcliffe and Brayden Tracey fight to a draw.
9:08 of 2nd period - Penalty to Isaac Ratcliffe for Fighting.
9:08 of 2nd period - Penalty to Brayden Tracey for Fighting.
9:09 of 2nd period - Graeme Clarke wins face-off versus Ryan Poehling in Laval Squanderers zone.
9:09 of 2nd period - Simon Holmstrom is hit by Mason Appleton and loses puck.
9:31 of 2nd period - Icing by Joel Hanley.
9:32 of 2nd period - Derek Ryan wins face-off versus Isak Rosen in Ste. Rose Royals zone.
9:45 of 2nd period - Slapshot by Martin Kaut.
9:45 of 2nd period - Shot Misses the Net.
10:11 of 2nd period - Derek Ryan is hit by Graeme Clarke and loses puck.
10:44 of 2nd period - Brett Howden is hit by Ryan Poehling and loses puck.
10:57 of 2nd period - Snap shot by Isak Rosen.
10:57 of 2nd period - Shot Blocked by Cale Fleury.
10:59 of 2nd period - Wrist shot by Mike Hardman.
10:59 of 2nd period - Shot Blocked by Colin Blackwell.
11:55 of 2nd period - Joel Hanley is hit by Justin Barron and loses puck.
12:12 of 2nd period - 10 Minutes Misconduct Penalty to Shakir Mukhamadullin is over.
14:06 of 2nd period - Ridly Greig is hit by Ethen Frank and loses puck.
14:51 of 2nd period - Michael Amadio is hit by Lias Andersson and loses puck.
15:38 of 2nd period - Minor Penalty to Lias Andersson for Hooking.
15:39 of 2nd period - Brett Howden wins face-off versus Derek Ryan in Laval Squanderers zone.
15:52 of 2nd period - Snap shot by Mason Appleton.
15:52 of 2nd period - Goal by Mason Appleton - Laval Squanderers : 4 - Ste. Rose Royals : 1.
15:53 of 2nd period - Brett Howden wins face-off versus Derek Ryan in neutral zone.
16:04 of 2nd period - Slapshot by Martin Kaut.
16:04 of 2nd period - Stopped by Erik Kallgren with a rebound.
16:12 of 2nd period - Lias Andersson beats up Mike Reilly.
16:12 of 2nd period - Penalty to Mike Reilly for Fighting.
16:12 of 2nd period - Penalty to Lias Andersson for Fighting.
16:13 of 2nd period - Ethen Frank wins face-off versus Derek Ryan in neutral zone.
16:29 of 2nd period - Wrist shot by Martin Kaut.
16:29 of 2nd period - Shot Blocked by Joel Hanley.
16:56 of 2nd period - Minor Penalty to Cross Hanas for Roughing.
16:57 of 2nd period - Michael Amadio wins face-off versus Brett Howden in Laval Squanderers zone.
16:57 of 2nd period - Slapshot by Matthew Peca.
16:57 of 2nd period - Stopped by Mads Sogaard without a rebound.
16:58 of 2nd period - Matthew Peca wins face-off versus Brett Howden in Laval Squanderers zone.
18:56 of 2nd period - Penalty to Cross Hanas is over, Cross Hanas is back on ice.
19:00 of 2nd period - Slapshot by Justin Barron.
19:00 of 2nd period - Stopped by Erik Kallgren with a rebound.
19:06 of 2nd period - Snap shot by Martin Kaut.
19:06 of 2nd period - Shot Misses the Net.
19:08 of 2nd period - Snap shot by Graeme Clarke.
19:08 of 2nd period - Shot Blocked by Ridly Greig.
19:10 of 2nd period - Slapshot by Justin Barron.
19:10 of 2nd period - Deflect By Joel Hanley.
19:10 of 2nd period - Stopped by Erik Kallgren with a rebound.
19:12 of 2nd period - Slapshot by Graeme Clarke.
19:12 of 2nd period - Shot Misses the Net.
19:14 of 2nd period - Snap shot by Graeme Clarke.
19:14 of 2nd period - Deflect By Martin Kaut.
19:14 of 2nd period - Shot Misses the Net.
19:14 of 2nd period - Puck is out of play.
19:15 of 2nd period - Ethen Frank wins face-off versus Mathias Emilio Pettersen in Ste. Rose Royals zone.
19:27 of 2nd period - Danila Klimovich is hit by Derek Ryan and loses puck.
19:38 of 2nd period - Cale Fleury is hit by Isak Rosen and loses puck.
19:49 of 2nd period - Isak Rosen is hit by Cale Fleury and loses puck.
19:58 of 2nd period - Minor Penalty to Libor Hajek for Hooking.
19:59 of 2nd period - Brett Howden wins face-off versus Derek Ryan in Ste. Rose Royals zone.
Goals for this period are 2 for Laval Squanderers vs 1 for Ste. Rose Royals.
Shots for this period are 9 for Laval Squanderers vs 13 for Ste. Rose Royals.
3rd period
0:01 of 3rd period - Graeme Clarke wins face-off versus Derek Ryan in neutral zone.
0:10 of 3rd period - Slapshot by Mason Appleton.
0:10 of 3rd period - Stopped by Mads Sogaard with a rebound.
1:05 of 3rd period - Icing by Brett Howden.
1:06 of 3rd period - Brett Howden wins face-off versus Ryan Poehling in Laval Squanderers zone.
1:12 of 3rd period - Penalty to Mike Reilly is over, Mike Reilly is back on ice.
1:58 of 3rd period - Penalty to Libor Hajek is over, Libor Hajek is back on ice.
2:11 of 3rd period - Brendan Perlini is hit by Ethen Frank and loses puck.
3:04 of 3rd period - Off-side.
3:05 of 3rd period - Brett Howden wins face-off versus Ridly Greig in neutral zone.
3:16 of 3rd period - Snap shot by Ridly Greig.
3:16 of 3rd period - Stopped by Mads Sogaard with a rebound.
3:34 of 3rd period - Snap shot by Ty Emberson.
3:34 of 3rd period - Deflect By Brayden Tracey.
3:34 of 3rd period - Stopped by Erik Kallgren with a rebound.
3:36 of 3rd period - Slapshot by Ty Emberson.
3:36 of 3rd period - Shot Blocked by Michael Amadio.
3:38 of 3rd period - Snap shot by Simon Holmstrom.
3:38 of 3rd period - Shot Misses the Net.
3:40 of 3rd period - Slapshot by Ty Emberson.
3:40 of 3rd period - Shot Misses the Net.
4:29 of 3rd period - Icing by Justin Barron.
4:30 of 3rd period - Michael Amadio wins face-off versus Brett Howden in Laval Squanderers zone.
4:33 of 3rd period - Wrist shot by Matthew Peca.
4:33 of 3rd period - Shot Blocked by Justin Barron.
4:35 of 3rd period - Wrist shot by Michael Amadio.
4:35 of 3rd period - Shot Misses the Net.
4:37 of 3rd period - Snap shot by Matthew Peca.
4:37 of 3rd period - Deflect By Colin Blackwell.
4:37 of 3rd period - Shot Misses the Net.
4:37 of 3rd period - Puck is out of play.
4:38 of 3rd period - Graeme Clarke wins face-off versus Michael Amadio in Laval Squanderers zone.
4:43 of 3rd period - Wrist shot by Graeme Clarke.
4:43 of 3rd period - Shot Blocked by Michael Amadio.
4:49 of 3rd period - Snap shot by Colin Blackwell.
4:49 of 3rd period - Stopped by Mads Sogaard with a rebound.
4:51 of 3rd period - Backhand shot by Michael Amadio.
4:51 of 3rd period - Shot Misses the Net.
4:53 of 3rd period - Slapshot by Cale Fleury.
4:53 of 3rd period - Stopped by Mads Sogaard without a rebound.
4:54 of 3rd period - Derek Ryan wins face-off versus Brett Howden in Laval Squanderers zone.
5:42 of 3rd period - Snap shot by Matthew Peca.
5:42 of 3rd period - Shot Blocked by Ty Emberson.
5:44 of 3rd period - Wrist shot by Matthew Peca.
5:44 of 3rd period - Stopped by Mads Sogaard with a rebound.
5:46 of 3rd period - Snap shot by Michael Amadio.
5:46 of 3rd period - Stopped by Mads Sogaard without a rebound.
5:47 of 3rd period - Graeme Clarke wins face-off versus Michael Amadio in Laval Squanderers zone.
5:52 of 3rd period - Joel Hanley is hit by Brayden Tracey and loses puck.
6:01 of 3rd period - Snap shot by Graeme Clarke.
6:01 of 3rd period - Shot Blocked by Michael Amadio.
6:03 of 3rd period - Wrist shot by Simon Holmstrom.
6:03 of 3rd period - Stopped by Erik Kallgren with a rebound.
6:18 of 3rd period - Slapshot by Ryan Poehling.
6:18 of 3rd period - Stopped by Mads Sogaard with a rebound.
6:20 of 3rd period - Slapshot by Derek Ryan.
6:20 of 3rd period - Shot Blocked by Justin Barron.
6:22 of 3rd period - Snap shot by Ryan Poehling.
6:22 of 3rd period - Shot Blocked by Danila Klimovich.
6:30 of 3rd period - Minor Penalty to Danila Klimovich for Tripping.
6:31 of 3rd period - Martin Kaut wins face-off versus Michael Amadio in Laval Squanderers zone.
6:56 of 3rd period - Jordan Harris is hit by Martin Kaut and loses puck.
8:23 of 3rd period - Mike Reilly is hit by Brayden Tracey and loses puck.
8:28 of 3rd period - Snap shot by Isak Rosen.
8:28 of 3rd period - Stopped by Erik Kallgren with a rebound.
8:30 of 3rd period - Penalty to Danila Klimovich is over, Danila Klimovich is back on ice.
8:40 of 3rd period - Snap shot by Brendan Perlini.
8:40 of 3rd period - Stopped by Mads Sogaard with a rebound.
10:11 of 3rd period - Mike Reilly is hit by Shakir Mukhamadullin and loses puck.
10:30 of 3rd period - Ethen Frank is hit by Mason Appleton and loses puck.
12:13 of 3rd period - Colin Blackwell is hit by Ty Emberson and loses puck.
12:22 of 3rd period - Snap shot by Danila Klimovich.
12:22 of 3rd period - Shot Blocked by Joel Hanley.
12:24 of 3rd period - Slapshot by Mike Hardman.
12:24 of 3rd period - Shot Misses the Net.
12:34 of 3rd period - Matthew Peca is hit by Lias Andersson and loses puck.
12:41 of 3rd period - Backhand shot by Brett Howden.
12:41 of 3rd period - Stopped by Erik Kallgren with a rebound.
12:43 of 3rd period - Snap shot by Martin Kaut.
12:43 of 3rd period - Shot Misses the Net.
12:58 of 3rd period - Wrist shot by Mason Appleton.
12:58 of 3rd period - Shot Blocked by Ty Emberson.
13:04 of 3rd period - Mason Appleton is hit by Ty Emberson and loses puck.
13:15 of 3rd period - Snap shot by Mason Appleton.
13:15 of 3rd period - Shot Misses the Net.
13:17 of 3rd period - Slapshot by Brogan Rafferty.
13:17 of 3rd period - Shot Blocked by Simon Holmstrom.
13:19 of 3rd period - Wrist shot by Ridly Greig.
13:19 of 3rd period - Stopped by Mads Sogaard without a rebound.
13:20 of 3rd period - Graeme Clarke wins face-off versus Ridly Greig in Laval Squanderers zone.
13:47 of 3rd period - Justin Barron is hit by Brendan Perlini and loses puck.
14:04 of 3rd period - Saku Maenalanen is hit by Justin Barron and loses puck.
14:39 of 3rd period - Snap shot by Ridly Greig.
14:39 of 3rd period - Stopped by Mads Sogaard with a rebound.
14:49 of 3rd period - Saku Maenalanen is hit by Brayden Tracey.
15:03 of 3rd period - Wrist shot by Brayden Tracey.
15:03 of 3rd period - Stopped by Erik Kallgren with a rebound.
15:05 of 3rd period - Backhand shot by Nils Lundkvist.
15:05 of 3rd period - Shot Blocked by Ridly Greig.
15:07 of 3rd period - Slapshot by Justin Barron.
15:07 of 3rd period - Shot Misses the Net.
15:09 of 3rd period - Snap shot by Graeme Clarke.
15:09 of 3rd period - Stopped by Erik Kallgren without a rebound.
15:10 of 3rd period - Brett Howden wins face-off versus Derek Ryan in Ste. Rose Royals zone.
15:35 of 3rd period - Mason Appleton is hit by Isak Rosen and loses puck.
15:58 of 3rd period - Snap shot by Derek Ryan.
15:58 of 3rd period - Shot Misses the Net.
16:00 of 3rd period - Wrist shot by Mason Appleton.
16:00 of 3rd period - Stopped by Mads Sogaard with a rebound.
16:02 of 3rd period - Wrist shot by Derek Ryan.
16:02 of 3rd period - Stopped by Mads Sogaard with a rebound.
16:04 of 3rd period - Slapshot by Brogan Rafferty.
16:04 of 3rd period - Shot Misses the Net.
16:12 of 3rd period - Snap shot by Derek Ryan.
16:12 of 3rd period - Stopped by Mads Sogaard with a rebound.
16:14 of 3rd period - Slapshot by Ryan Poehling.
16:14 of 3rd period - Shot Misses the Net.
16:34 of 3rd period - Wrist shot by Derek Ryan.
16:34 of 3rd period - Stopped by Mads Sogaard without a rebound.
16:35 of 3rd period - Michael Amadio wins face-off versus Martin Kaut in Laval Squanderers zone.
16:42 of 3rd period - Slapshot by Matthew Peca.
16:42 of 3rd period - Shot Misses the Net.
16:44 of 3rd period - Slapshot by Mike Reilly.
16:44 of 3rd period - Shot Hit the Post.
16:46 of 3rd period - Snap shot by Matthew Peca.
16:46 of 3rd period - Goal by Matthew Peca - Laval Squanderers : 4 - Ste. Rose Royals : 2.
16:47 of 3rd period - Michael Amadio wins face-off versus Ethen Frank in neutral zone.
16:58 of 3rd period - Slapshot by Emil Andrae.
16:58 of 3rd period - Shot Blocked by Jordan Harris.
17:00 of 3rd period - Snap shot by Mike Hardman.
17:00 of 3rd period - Stopped by Erik Kallgren without a rebound.
17:01 of 3rd period - Ridly Greig wins face-off versus Ethen Frank in Ste. Rose Royals zone.
17:01 of 3rd period - Saku Maenalanen is hit by Mike Hardman and loses puck.
17:10 of 3rd period - Wrist shot by Ridly Greig.
17:10 of 3rd period - Deflect By Kaedan Korczak.
17:10 of 3rd period - Stopped by Mads Sogaard without a rebound.
17:11 of 3rd period - Ridly Greig wins face-off versus Ethen Frank in Laval Squanderers zone.
17:11 of 3rd period - Ridly Greig is hit by Mike Hardman.
17:12 of 3rd period - Brendan Perlini and Kaedan Korczak fight to a draw.
17:12 of 3rd period - Penalty to Brendan Perlini for Fighting.
17:12 of 3rd period - Penalty to Kaedan Korczak for Fighting.
17:13 of 3rd period - Mathias Emilio Pettersen wins face-off versus Mike Hardman in Laval Squanderers zone.
17:16 of 3rd period - Slapshot by Derek Ryan.
17:16 of 3rd period - Shot Blocked by Ty Emberson.
17:18 of 3rd period - Slapshot by Derek Ryan.
17:18 of 3rd period - Stopped by Mads Sogaard with a rebound.
17:20 of 3rd period - Backhand shot by Mathias Emilio Pettersen.
17:20 of 3rd period - Deflect By Grigori Denisenko.
17:20 of 3rd period - Stopped by Mads Sogaard without a rebound.
17:21 of 3rd period - Ethen Frank wins face-off versus Mathias Emilio Pettersen in Laval Squanderers zone.
17:51 of 3rd period - Snap shot by Grigori Denisenko.
17:51 of 3rd period - Stopped by Mads Sogaard with a rebound.
17:53 of 3rd period - Slapshot by Jordan Harris.
17:53 of 3rd period - Shot Blocked by Brayden Pachal.
17:55 of 3rd period - Slapshot by Jordan Harris.
17:55 of 3rd period - Deflect By Grigori Denisenko.
17:55 of 3rd period - Stopped by Mads Sogaard without a rebound.
17:56 of 3rd period - Ridly Greig wins face-off versus Cross Hanas in Laval Squanderers zone.
18:07 of 3rd period - Snap shot by Ridly Greig.
18:07 of 3rd period - Stopped by Mads Sogaard with a rebound.
18:09 of 3rd period - Slapshot by Cale Fleury.
18:09 of 3rd period - Stopped by Mads Sogaard with a rebound.
18:11 of 3rd period - Slapshot by Ridly Greig.
18:11 of 3rd period - Stopped by Mads Sogaard without a rebound.
18:12 of 3rd period - Derek Ryan wins face-off versus Ethen Frank in Laval Squanderers zone.
18:23 of 3rd period - Wrist shot by Mike Hardman.
18:23 of 3rd period - Stopped by Erik Kallgren without a rebound.
18:24 of 3rd period - Ridly Greig wins face-off versus Ethen Frank in Ste. Rose Royals zone.
18:39 of 3rd period - Mike Hardman is hit by Ridly Greig and loses puck.
18:45 of 3rd period - Nils Lundkvist is hit by Ridly Greig.
Goals for this period are 0 for Laval Squanderers vs 1 for Ste. Rose Royals.
Shots for this period are 8 for Laval Squanderers vs 23 for Ste. Rose Royals.
Back to the Top